 Dungeon Crawl Stone Soup version 0.28.0-53-g5a82cb258f (webtiles) character file.

Game seed: 4790731830660137981

88 DemonSlayer the Firebug (level 4, -1/31 HPs)
             Began as a Demonspawn Fire Elementalist on July 30, 2022.
             Killed from afar by an orc wizard (8 damage)
             ... with a puff of flame
             ... on level 3 of the Dungeon.
             The game lasted 00:02:39 (2423 turns).

DemonSlayer the Firebug (DsFE)                      Turns: 2423, Time: 00:02:39

Health: -1/31      AC:  4    Str:  9    XL:     4   Next: 30%
Magic:  1/8        EV: 12    Int: 18    God:
Gold:   79         SH:  0    Dex: 13    Spells: 5/8 levels left

rFire   . . .      SeeInvis .   e - +0 war axe
rCold   + . .      Faith    .   (no shield)
rNeg    . . .      Spirit   .   a - +0 robe
rPois   .          Reflect  .   (no helmet)
rElec   .          Harm     .   (no cloak)
rCorr   .          Rampage  .   (no gloves)
Will    .....                   (no boots)
Stlth   +.........              (no amulet)
HPRegen 0.10/turn               d - ring of protection from cold
MPRegen 0.11/turn               (no ring)

@: confused
A: yellow scales 1, demonic guardian 1
a: no special abilities


You were on level 3 of the Dungeon.
You visited 1 branch of the dungeon, and saw 3 of its levels.

You collected 79 gold pieces.

Inventory:

Hand Weapons
 e - a +0 war axe (weapon)
Armour
 a - a +0 robe (worn)
Jewellery
 d - a ring of protection from cold (left hand)
Scrolls
 b - a scroll of blinking {unknown}
 c - a scroll of fear {unknown}
 f - a scroll of acquirement {unknown}
 k - a scroll of noise {unknown}
 l - a scroll of fog {unknown}
Potions
 g - a potion of mutation {unknown}
 h - 2 potions of degeneration {unknown}
 i - a potion of curing {unknown}
 j - a potion of cancellation {unknown}
 m - a potion of brilliance {unknown}


   Skills:
 + Level 0.3 Fighting
 + Level 1.2 Axes
 + Level 2.1 Dodging
 + Level 2.0 Stealth
 + Level 2.7 Spellcasting
 + Level 1.3 Conjurations
 + Level 3.4 Fire Magic


You had 5 spell levels left.
You knew the following spells:

 Your Spells              Type           Power      Damage    Failure   Level
a - Foxfire               Conj/Fire      44%        2x1d6     6%          1
b - Scorch                Fire           28%        2d6       6%          2

Your spell library contained the following spells:

 Spells                   Type           Power      Damage    Failure   Level
 Conjure Flame            Conj/Fire      11%        6-21      19%         3
 Inner Flame              Hex/Fire       8%         N/A       26%         3
 Call Canine Familiar     Summ           2%         N/A       45%         3
 Portal Projectile        Hex/Tloc       4%         N/A       45%         3
 Flame Wave               Conj/Fire      11%        2d5       52%         4
 Leda's Liquefaction      Hex/Erth       1%         N/A       86%         4


Dungeon Overview and Level Annotations

Branches:
Dungeon (3/15)

Altars:

Annotations:
D:2 Sigmund


Innate Abilities, Weirdness & Mutations

You are partially covered in yellow scales. (AC +2)
A weak demonic guardian rushes to your aid.


Message History

You are too depleted to draw on your mana recklessly!
You are too depleted to draw on your mana recklessly!
You are too depleted to draw on your mana recklessly!
You are too depleted to draw on your mana recklessly!
You are too depleted to draw on your mana recklessly!
You are too depleted to draw on your mana recklessly!
You are too depleted to draw on your mana recklessly!
The orc priest is no longer more vulnerable to fire.
The orc priest calls down the wrath of Beogh upon you.
Beogh smites you!
Ouch! That really hurt!
* * * LOW HITPOINT WARNING * * *
You see here a +0 club.
You are too injured to fight recklessly!
You hit the orc priest.
You kill the orc priest!
You barely miss the orc wizard.
The orc wizard gestures wildly while chanting.
The orc wizard flickers and vanishes!
Deactivating autopickup; reactivate with Ctrl-A.
Your Stealth skill increases to level 2!
You have reached level 4!
You feel stronger.
Your demonic ancestry asserts itself...
You feel the presence of a demonic guardian.
You closely miss something. Something hits you.
* * * LOW HITPOINT WARNING * * *
You hear some strange, mumbled words.
You are confused.
You barely miss something. Something hits you.
* * * LOW HITPOINT WARNING * * *
A demonic guardian appears!
You hear some strange, mumbled words.
You are more confused.
Things that are here:
a +0 short sword; a +0 leather armour You miss something.
You hear some strange, mumbled words.
A puff of flame appears from out of thin air!
The puff of flame hits you!
You die...

#### #...# ....# #.
#..######
#..###..@5...## #
#..#....{.....# .##
#...###++###.#...##.
....#..P...........#
.##.P......#.#...##.
#.........#.##.##
#..#........#.# .#
#.##.#..PP..P.# #
#..#.)..P...#.##+##


You could see a friendly shadow imp (summoned).

Vanquished Creatures
  An orc priest (D:3)
  An adder (D:2)
  A worm (D:2)
  A dart slug (D:1)
  3 orcs
  3 bats
  5 endoplasms
  A giant cockroach (D:1)
  2 goblins (D:2)
  4 hobgoblins
  4 jackals (D:2)
  2 quokkas (D:2)
  3 ball pythons
  3 frilled lizards
  4 kobolds
  4 rats
42 creatures vanquished.

Vanquished Creatures (others)
  82 foxfires
82 creatures vanquished.

Grand Total: 124 creatures vanquished

Notes
Turn   | Place    | Note
-------+----------+-------------------------------------------
     0 | D:1      | DemonSlayer the Demonspawn Fire Elementalist began the
                  | quest for the Orb.
     0 | D:1      | Reached XP level 1. HP: 13/13 MP: 3/3
   246 | D:1      | Gained mutation: You are partially covered in yellow
                  | scales. (AC +2) [demonic ancestry]
   246 | D:1      | Reached XP level 2. HP: 18/19 MP: 1/5
   249 | D:1      | Learned a level 2 spell: Scorch
   322 | D:1      | Reached skill level 3 in Fire Magic
   599 | D:1      | Found a faded altar of an unknown god.
  1706 | D:2      | Reached XP level 3. HP: 24/24 MP: 0/6
  2070 | D:2      | Reached skill level 1 in Axes
  2227 | D:2      | Noticed Sigmund
  2420 | D:3      | Gained mutation: A weak demonic guardian rushes to your
                  | aid. [demonic ancestry]
  2420 | D:3      | Reached XP level 4. HP: 9/31 MP: 0/8
  2423 | D:3      | Killed from afar by an orc wizard

Illustrated notes

Levels and vault maps discovered:
D:1:      lemuel_arrival_muddy, layout_basic,
          shapermc_ecumenical_altar_flowoftime, minivault_4, st_stairs_10,
          minmay_distorted
D:2:      minmay_chambers_of_ones, layout_loops_ring, minivault_5,
          solitary_fountain, kennysheep_cross_bottleneck, uniq_sigmund
D:3:      cheibrodos_old_hovel, layout_loops_corners, guppyfry_early_lair_pool,
          uniq_terence

Skill      XL: |  1  2  3 |
---------------+----------+-----
Dodging        | 2 |  2.1
Fire Magic     | 3 |  3.4
Axes           | 1 |  1.2
Stealth        | 2 |  2.0
Fighting       | |  0.3
Spellcasting   | |  2.7
Conjurations   | |  1.3

Action                   |  1- 3 |  4- 6 || total
-------------------------+-------+-------++-------
Melee: War axe           |    47 |     3 ||    50
       Unarmed           |     2 |       ||     2
       Punch             |     1 |       ||     1
 Cast: Foxfire           |    59 |       ||    59
       Scorch            |    10 |       ||    10
 Stab: Sleeping          |     1 |       ||     1
Armor: Robe              |    22 |       ||    22
Dodge: Dodged            |    43 |       ||    43
